 Dungeon Crawl Stone Soup version 0.17.1-3-g152610e (webtiles) character file.

356 Jerry the Sneak (level 6, -1/66 HPs)
             Began as an Octopode Monk on Mar 24, 2016.
             Killed from afar by an orc wizard (6 damage)
             ... with a puff of flame
             ... on level 4 of the Dungeon.
             The game lasted 00:11:22 (3043 turns).

Jerry the Sneak (Octopode Monk)                     Turns: 3043, Time: 00:11:22

Health: -1/66      AC: 23    Str: 10    XL:     6   Next: 63%
Magic:  6/6        EV:  2    Int: 12    God:
Gold:   143        SH:  0    Dex: 17    Spells: 0 memorised, 5 levels left

rFire  . . .     SeeInvis .     c - +1 dagger (elec)
rCold  . . .     Clarity  .     (no shield)
rNeg   + + +     SustAt   .     (helmet currently unavailable)
rPois  +         Gourm    .     (no amulet)
rElec  .         Spirit   .     (no ring)
rCorr  .         Warding  .     (no ring)
rMut   .         NoTele   +     (no ring)
MR     .....                    (no ring)
Stlth  +++++.....               (no ring)
                                (no ring)
                                (no ring)
                                (no ring)

@: tree-form, not resistant to hostile enchantments, quite stealthy
A: almost no armour, amphibious, 8 rings, (constrict 8), (camouflage 0),
(gelatinous body 0)
a: no special abilities


You were on level 4 of the Dungeon.
You were hungry.
You were a tree.
You visited 1 branch of the dungeon, and saw 4 of its levels.

You collected 143 gold pieces.

Inventory:

Hand Weapons
 c - a +1 dagger of electrocution (weapon)
Scrolls
 d - 3 scrolls of identify
 e - a scroll of immolation
 m - a scroll of blinking
Potions
 b - a potion of brilliance
 h - a potion of ambrosia
 k - a potion of resistance {unknown}
 o - 2 potions of curing
Comestibles
 a - 7 bread rations
 g - a royal jelly
 j - a slice of pizza
 p - 2 meat rations


   Skills:
 + Level 4.6 Fighting
 + Level 4.8 Dodging
 + Level 5.9 Stealth
 - Level 4.2 Unarmed Combat


You had 5 spell levels left.
You didn't know any spells.

Dungeon Overview and Level Annotations

Branches:
Dungeon (4/15)
 Temple: D:4-7

Altars:
Ashenzari
Fedhas
Makhleb
Trog
Xom


Innate Abilities, Weirdness & Mutations

You cannot wear most types of armour.
You are amphibious.
You can wear up to eight rings at the same time.
((You can use your tentacles to constrict eight enemies at once.))
((Your skin changes colour to match your surroundings (Stealth).))
((Your rubbery body absorbs attacks (AC +1).))


Message History

You turn into a tree.
Your roots penetrate the ground.
You lose your grip on the orc wizard.
The orc wizard completely misses you.
You miss the orc wizard.
The orc wizard is lightly wounded.
The orc wizard hits you but does no damage.
You closely miss the orc wizard.
The orc wizard is lightly wounded.
The orc wizard hits you but does no damage.
You hit the orc wizard but do no damage.
There is a sudden explosion of sparks!
The orc wizard is almost dead.
The orc wizard hits you but does no damage.
You barely miss the orc wizard.
The orc wizard is almost dead.
The orc wizard hits you but does no damage.
You hit the orc wizard but do no damage.
The orc wizard is almost dead.
The orc wizard points at you and mumbles some strange words.
The puff of flame hits you!
You die...

#. #.#.# .. #. #.#.# ...
#####.#####.#.##..###
.................... .
..................# ..
###.#.#..##.#.#...##...
# #..................
###..##.#...o......
#.........♣)......
#.......=..#..#..#
#...##.#..[...........
#....#................
#.....................
......#.#..............
##....##.#.#.#....%...#.
#.##. #.#.#............
. ## #...#.#..........


You could see an orc wizard.

Vanquished Creatures
  A necrophage (D:3)
  A crimson imp (D:3)
  A hound (D:4)
  2 orc priests
  3 adders
  2 gnolls (D:3)
  2 oozes (D:3)
  A worm (D:2)
  3 giant geckos
  8 orcs
  8 bats
  10 hobgoblins
  A quokka (D:3)
  2 ball pythons
  5 giant cockroaches
  6 giant newts
  9 goblins
  7 kobolds
  7 rats
79 creatures vanquished.

Notes
Turn   | Place    | Note
--------------------------------------------------------------
     0 | D:1      | Jerry the Octopode Monk began the quest for the Orb.
     0 | D:1      | Reached XP level 1. HP: 16/16 MP: 1/1
   304 | D:1      | Reached XP level 2. HP: 18/21 MP: 2/2
   528 | D:1      | Reached XP level 3. HP: 23/26 MP: 3/3
  1182 | D:2      | Found a bloodstained altar of Trog.
  1236 | D:2      | Found a blossoming altar of Fedhas.
  1305 | D:2      | Reached XP level 4. HP: 28/31 MP: 4/4
  1319 | D:2      | Found a shattered altar of Ashenzari.
  1367 | D:2      | Found a burning altar of Makhleb.
  1644 | D:3      | Reached XP level 5. HP: 37/37 MP: 5/5
  1673 | D:3      | Found a shimmering altar of Xom.
  2122 | D:3      | Noticed a necrophage
  2131 | D:3      | Killed a necrophage
  2131 | D:3      | Reached skill level 5 in Stealth
  2131 | D:3      | Reached XP level 6. HP: 19/44 MP: 6/6
  3043 | D:4      | Killed from afar by an orc wizard

Action                   |  1- 3 |  4- 6 || total
-------------------------+-------+-------++-------
Melee: Unarmed           |    28 |       ||    28
       Dagger            |    49 |    73 ||   122
  Use: Scroll            |       |    17 ||    17
       Potion            |       |     1 ||     1
 Stab: Sleeping          |    13 |    10 ||    23
       Distracted        |       |     1 ||     1
  Eat: Chunk             |     1 |     5 ||     6
